 Dungeon Crawl Stone Soup version 0.31-a0-237-g2d982f9f85 (webtiles) character file.

Game seed: 15346488373560116751

8 qw the Shooter (level 2, -1/23 HPs)
             Began as a Minotaur Hexslinger on July 11, 2023.
             Slain by a quokka (4 damage)
             ... on level 1 of the Dungeon.
             The game lasted 00:00:03 (78 turns).

qw the Shooter (Minotaur Hexslinger)                  Turns: 78, Time: 00:00:04

Health: -1/23      AC:  2    Str: 12    XL:     2   Next: 0%
Magic:  2/2        EV: 12    Int: 10    God:
Gold:   7          SH:  0    Dex: 12    Spells: 2/3 levels left

rFire   . . .        a - +1 sling
rCold   . . .        (no shield)
rNeg    . . .        c - +0 robe
rPois   .            (helmet restricted)
rElec   .            (no cloak)
rCorr   .            (no gloves)
SInv    .            (no boots)
Will    .....        (no amulet)
Stlth   +            (no ring)
HPRegen 0.23/turn    (no ring)
MPRegen 0.08/turn

%: no passive effects
@: no status effects
A: horns 2, retaliatory headbutt
a: no special abilities


You were on level 1 of the Dungeon.
You visited 1 branch of the dungeon, and saw 1 of its levels.

You collected 7 gold pieces.


Innate Abilities, Weirdness & Mutations

You have a pair of horns on your head.
You reflexively headbutt those who attack you in melee.


   Skills:
 + Level 1.2 Fighting
 - Level 3.1 Ranged Weapons
 - Level 2.1 Dodging
 - Level 1.0 Spellcasting
 - Level 2.0 Hexes


You had 2 spell levels left.
You knew the following spells:

 Your Spells              Type           Power      Damage    Failure   Level
a - Slow                  Hex            16%        N/A       16%         1

Your spell library contained the following spells:

 Spells                   Type           Power      Damage    Failure   Level
 Inner Flame              Hex/Fire       2%         N/A       56%         3
 Portal Projectile        Hex/Tloc       4%         N/A       56%         3
 Cause Fear               Hex            2%         N/A       83%         4

Inventory:

Hand Weapons
 a - a +1 sling (weapon)
Armour
 c - a +0 robe (worn)
Scrolls
 b - a scroll of poison
 d - a scroll of teleportation {unknown}
 e - a scroll of identify {unknown}

Dungeon Overview and Level Annotations

Branches:
Dungeon (1/15)

Altars:

Annotations:
D:1 2 runed translucent doors


Message History

Your Ranged Weapons skill increases to level 3!
You have reached level 2!
You shoot a sling bullet.
The sling bullet closely misses the bat.
The bat hits you but does no damage. The quokka bites you. x2
You shoot a sling bullet.
The sling bullet completely misses the bat.
The bat hits you. The quokka barely misses you.
You shoot a sling bullet.
The sling bullet closely misses the quokka.
The bat hits you but does no damage. The quokka bites you.
The quokka closely misses you.
You shoot a sling bullet. The sling bullet misses the quokka.
The bat hits you. The quokka closely misses you.
You shoot a sling bullet.
The sling bullet closely misses the bat.
The bat barely misses you. The quokka bites you.
The quokka bites you but does no damage.
You shoot a sling bullet.
The sling bullet closely misses the bat.
The bat barely misses you. The quokka bites you.
You shoot a sling bullet.
The sling bullet closely misses the quokka.
The bat hits you but does no damage. The quokka barely misses you.
The quokka bites you.
You shoot a sling bullet.
The sling bullet barely misses the quokka.
The bat hits you but does no damage. The quokka bites you.
You shoot a sling bullet.
The sling bullet barely misses the quokka.
The kobold shouts!
The bat hits you but does no damage. The bat barely misses you.
The quokka bites you. The quokka misses you.
You shoot a sling bullet. The sling bullet misses the quokka.
The goblin shouts!
The bat misses you. The quokka barely misses you.
You shoot a sling bullet. The sling bullet hits the quokka.
The quokka is almost dead.
The bat hits you. The quokka bites you.
You die...

##########################
................##...##.##
.........#....#....#...#..
##........#...##..#..#..#.
..........#.......##..#..#
#b...##..#..#...#..#
##..%.#...##..#.#.#.
##@....#......#..#.
#.8r.....##......##.
+..............#..:#.#
rr+........##..#..#...#
gJ#$#.8.........#...#. .
#####...#...#.#....
..##....##. .# .#. .#...


You could see an endoplasm, 2 quokkas, a goblin, a bat and a rat.

Vanquished Creatures
  A dart slug (D:1)
  A ball python (D:1)
  2 bats (D:1)
  An endoplasm (D:1)
5 creatures vanquished.

Notes
Turn   | Place    | Note
-------+----------+-------------------------------------------
     0 | D:1      | qw the Minotaur Hexslinger began the quest for the Orb.
     0 | D:1      | Reached XP level 1. HP: 16/16 MP: 1/1
     0 | D:1      | 0 ||| qw: Version: 0.3-a-52-g30416fa
     0 | D:1      | 0 ||| qw: Game counter: 5537
     0 | D:1      | 0 ||| qw: Melee chars always use a shield: true
     0 | D:1      | 0 ||| qw: God list: Okawaru
     0 | D:1      | 0 ||| qw: Allow faded altars: false
     0 | D:1      | 0 ||| qw: Do Orc after clearing Dungeon:15 true
     0 | D:1      | 0 ||| qw: Do second Lair branch before Depths: true
     0 | D:1      | 0 ||| qw: Lair rune preference: random
     0 | D:1      | 0 ||| qw: Goals: Normal
     0 | D:1      | 0 ||| PLANNING D:1-11
    61 | D:1      | Found a large runed translucent door.
    61 | D:1      | Found a large runed translucent door.
    68 | D:1      | Reached skill level 3 in Ranged Weapons
    68 | D:1      | Reached XP level 2. HP: 20/23 MP: 2/2
    76 | D:1      | HP: 3/23 [quokka (3)]
    78 | D:1      | Slain by a quokka

Levels and vault maps discovered:
D:1:      erik_arrival_cave_to_civilisation [erik_arrival_cave_to_temple],
          layout_loops_ring

Skill      XL: |  1 |
---------------+----+-----
Ranged Weapons | 3 |  3.1
Fighting       | |  1.2
Dodging        | |  2.1
Spellcasting   | |  1.0
Hexes          | |  2.0

Action                     || total
---------------------------++-------
   Fire: Sling             ||    27
 Armour: Robe              ||    12
  Dodge: Dodged            ||    23

Table legend:
 A = Non-vault XP
 B = Vault XP
 C = Vault XP percentage of total XP
 D = Non-vault monster count
 E = Vault monster count
 F = Vault count percentage of total count
                 A         B        C        D         E       F
            +---------+---------+-------+---------+---------+-------
      Total |      10 |       2 |  16.7 |       4 |       1 |  20.0
            +---------+---------+-------+---------+---------+-------
        D:1 |      10 |       2 |  16.7 |       4 |       1 |  20.0
            +---------+---------+-------+---------+---------+-------
